 Dungeon Crawl Stone Soup version 0.24-b1 (webtiles) character file.

Game seed: 10255408317695305561, levelgen mode: deterministic

5072 Ablot the Magician (level 10, -2/79 HPs)
             Began as a Gnoll Skald on Oct 13, 2019.
             Was an Elder of Okawaru.
             Slain by Grum
             ... wielding a +1 halberd
              (13 damage)
             ... on level 8 of the Dungeon.
             The game lasted 00:17:01 (6898 turns).

Ablot the Magician (Gnoll Skald)                    Turns: 6898, Time: 00:17:03

Health: -2/79      AC: 11    Str: 17    XL:     10   Next: 56%
Magic:  15/21      EV: 17    Int: 15    God:    Okawaru [****..]
Gold:   237        SH:  0    Dex: 15    Spells: 12/23 levels left

rFire    . . .     SeeInvis .   a - +2 trident
rCold    . . .     Gourm    .   (no shield)
rNeg     . . .     Faith    +   s - +1 ring mail {rPois}
rPois    +         Spirit   .   r - +0 helmet
rElec    .         Reflect  .   (no cloak)
rCorr    .         Harm     .   (no gloves)
MR       .....                  w - +2 pair of boots
Stlth    ++........             A - amulet of faith
HPRegen  1.23/turn              f - +2 ring of evasion
MPRegen  0.17/turn              B - ring of flight

@: about to teleport, singing (expiring), regenerating (expiring)
A: distributed training, fangs 1, strong nose
a: Heroism, Renounce Religion, Evoke Flight


You were on level 8 of the Dungeon.
You worshipped Okawaru.
Okawaru was greatly pleased with you.
You were near starving.

You visited 2 branches of the dungeon, and saw 9 of its levels.

You collected 315 gold pieces.
You spent 78 gold pieces at shops.

Inventory:

Hand Weapons
 a - a +2 trident (weapon)
Missiles
 e - 321 stones (quivered)
 g - 184 arrows
 j - 76 sling bullets
 F - 90 bolts
Armour
 r - a +0 helmet (worn)
 s - a +1 ring mail of poison resistance (worn)
 v - a +0 buckler
 w - a +2 pair of boots (worn)
 z - a +0 pair of gloves
Jewellery
 f - a +2 ring of evasion (left hand)
 A - an amulet of faith (around neck)
 B - a ring of flight (right hand)
 K - an uncursed amulet of the acrobat
Wands
 E - a wand of iceblast (13)
 I - a wand of flame (15)
Scrolls
 b - 3 scrolls of remove curse {unknown}
 i - 2 scrolls of identify
 k - 2 scrolls of amnesia {unknown}
 t - 5 scrolls of teleportation
 x - 2 scrolls of immolation {unknown}
 y - 3 scrolls of magic mapping {unknown}
 C - a scroll of blinking {unknown}
 D - a scroll of summoning {unknown}
Potions
 c - a potion of brilliance {unknown}
 h - 2 potions of resistance
 l - 4 potions of flight
 m - 5 potions of curing
 n - 2 potions of invisibility
 o - a potion of might {unknown}
 p - a potion of heal wounds {unknown}
 q - 2 potions of agility
 u - 2 potions of berserk rage {unknown}
 G - a potion of ambrosia {unknown}
 J - a potion of cancellation {unknown}
Comestibles
 d - 19 rations
 H - 12 chunks of flesh


   Skills:
 + Level 7.1 Fighting
 + Level 5.3 Short Blades
 + Level 5.3 Long Blades
 + Level 5.3 Axes
 + Level 5.3 Maces & Flails
 + Level 7.1 Polearms
 + Level 5.3 Staves
 + Level 5.3 Slings
 + Level 5.3 Bows
 + Level 5.3 Crossbows
 + Level 5.3 Throwing
 + Level 6.0 Armour
 + Level 7.1 Dodging
 + Level 5.3 Stealth
 + Level 5.3 Shields
 + Level 5.3 Unarmed Combat
 + Level 7.4 Spellcasting
 + Level 4.3 Conjurations
 + Level 4.3 Hexes
 + Level 7.1 Charms
 + Level 4.3 Summonings
 + Level 4.3 Necromancy
 + Level 4.3 Translocations
 + Level 4.3 Transmutations
 + Level 4.3 Fire Magic
 + Level 4.3 Ice Magic
 + Level 4.3 Air Magic
 + Level 4.3 Earth Magic
 + Level 4.3 Poison Magic
 + Level 5.8 Invocations
 + Level 5.3 Evocations


You had 12 spell levels left.
You knew the following spells:

 Your Spells              Type           Power        Failure   Level  Hunger
a - Infusion              Chrm           ####         1%          1    None
b - Song of Slaying       Chrm           ####....     1%          2    None
c - Shroud of Golubria    Chrm/Tloc      ###...       3%          2    None
d - Regeneration          Chrm/Necr      ###.......   6%          3    ##.....
e - Spectral Weapon       Hex/Chrm       ###.....     6%          3    ##.....

Your spell library contained the following spells:

 Spells                   Type           Power        Failure   Level  Hunger


Dungeon Overview and Level Annotations

Branches:
Dungeon (8/15)             Temple (1/1) D:5            Lair (0/6) D:8

Altars:
Ashenzari
Cheibriados
Dithmenos
Elyvilon
Fedhas
Gozag
Hepliaklqana
Kikubaaqudgha
Makhleb
Nemelex Xobeh
Okawaru
Qazlal
Ru
Sif Muna
Trog
Uskayaw
Vehumet
Wu Jian
Xom
Yredelemnul
Zin
The Shining One

Shops:
D:6 *

Annotations:
D:8 Grum


Innate Abilities, Weirdness & Mutations

Your experience applies equally to all skills.
You have very sharp teeth.
Your uncanny sense of smell can sniff out nearby items.


Message History

* * * LOW HITPOINT WARNING * * *
Grum sniffs the air and quickly glances around.
You hear a bellow!
You hear a bellow!
You see here a porcupine skeleton.
A yak comes into view.
As you read the scroll of teleportation, it crumbles to dust.
You feel strangely unstable.
Your song is almost over.
Grum hits you but does no damage. The hungry ghost hits you.
* * * LOW HITPOINT WARNING * * *
You are near starving!
The yak misses you. Grum closely misses you.
Casting: Regeneration (safe; 6% risk of failure)
Confirm with . or Enter, or press ? or * to list all spells.
Space distorts slightly along a thin shroud covering your body.
Your skin is crawling a little less now.
The hungry ghost misses you.
Grum hits you from afar with a +1 halberd!
You die...

##...÷........###
................#
##..............#
#...............#
#.##............#
#.###..........## #.#
##..........## ..
#.######.......Y.##
..# ....##
###....##@.# #..##
...8.#
####.###W#######....#
.....### ###
#÷g##......#..
._.....####
##.)..........
.....#....##
##............
...8.#.....#
#.............
....##.....#
##.............
#.###......#
##......÷..PP.P.
#.#........#
#..#..÷.......P.


You could see Grum, a yak and a hungry ghost.

Vanquished Creatures
  Prince Ribbit (D:8)
  A hippogriff (D:5)
  Sigmund (D:2)
  A yak (D:7)
  3 hogs (D:7)
  A human (D:7)
  A hungry ghost (D:4)
  Menkaure (D:6)
  4 porcupines (D:8)
  A phantom (D:6)
  2 black bears (D:8)
  A necrophage (D:8)
  3 ogres
  3 centaurs
  3 wolves (D:8)
  A crocodile (D:8)
  Blork the orc (D:4)
  2 bullfrogs
  3 scorpions
  3 wights (D:6)
  2 crimson imps (D:6)
  A centaur zombie (D:6)
  5 jellies
  6 hounds
  4 orc priests
  7 orc wizards
  3 iguanas
  9 worker ants
  A worker ant zombie (D:5)
  Robin (D:2)
  A howler monkey zombie (D:7)
  15 gnolls
  14 adders
  A shadow imp (D:5)
  2 oozes
  An adder zombie (D:7)
  An adder skeleton (D:7)
  3 worms
  3 dart slugs
  7 leopard geckos
  15 orcs
  10 bats
  7 giant cockroaches
  16 goblins
  11 hobgoblins
  14 jackals
  8 kobolds
  3 quokkas
  4 ball pythons
  4 frilled lizards
  A leopard gecko zombie (D:7)
  16 rats
233 creatures vanquished.

Vanquished Creatures (others)
  2 spectral weapons
2 creatures vanquished.

Grand Total: 235 creatures vanquished

Notes
Turn   | Place    | Note
-------+----------+-------------------------------------------
     0 | D:1      | Ablot the Gnoll Skald began the quest for the Orb.
     0 | D:1      | Reached XP level 1. HP: 20/20 MP: 6/6
    56 | D:1      | Reached XP level 2. HP: 26/26 MP: 7/7
    83 | D:1      | Learned a level 2 spell: Song of Slaying
    86 | D:1      | Learned a level 2 spell: Shroud of Golubria
   207 | D:1      | Reached XP level 3. HP: 25/31 MP: 9/9
   271 | D:1      | Reached skill level 5 in Spellcasting
   408 | D:1      | Reached skill level 1 in Invocations
   689 | D:1      | Learned a level 3 spell: Regeneration
   693 | D:1      | Learned a level 3 spell: Spectral Weapon
   704 | D:2      | Noticed Sigmund
   795 | D:2      | Reached skill level 1 in Short Blades
   795 | D:2      | Reached skill level 1 in Long Blades
   795 | D:2      | Reached skill level 1 in Axes
   795 | D:2      | Reached skill level 1 in Maces & Flails
   795 | D:2      | Reached skill level 1 in Staves
   795 | D:2      | Reached skill level 1 in Slings
   795 | D:2      | Reached skill level 1 in Bows
   795 | D:2      | Reached skill level 1 in Crossbows
   795 | D:2      | Reached skill level 1 in Throwing
   795 | D:2      | Reached skill level 1 in Stealth
   795 | D:2      | Reached skill level 1 in Shields
   795 | D:2      | Reached skill level 1 in Unarmed Combat
   795 | D:2      | Reached skill level 1 in Evocations
   807 | D:2      | Reached XP level 4. HP: 36/38 MP: 3/11
  1036 | D:2      | Reached skill level 1 in Conjurations
  1036 | D:2      | Reached skill level 1 in Hexes
  1036 | D:2      | Reached skill level 1 in Summonings
  1036 | D:2      | Reached skill level 1 in Necromancy
  1036 | D:2      | Reached skill level 1 in Translocations
  1036 | D:2      | Reached skill level 1 in Transmutations
  1036 | D:2      | Reached skill level 1 in Fire Magic
  1036 | D:2      | Reached skill level 1 in Ice Magic
  1036 | D:2      | Reached skill level 1 in Air Magic
  1036 | D:2      | Reached skill level 1 in Earth Magic
  1036 | D:2      | Reached skill level 1 in Poison Magic
  1049 | D:2      | Noticed Robin
  1051 | D:2      | Killed Robin
  1051 | D:2      | Reached XP level 5. HP: 38/43 MP: 6/12
  1321 | D:2      | Found an ancient bone altar of Kikubaaqudgha.
  1522 | D:3      | Found a faded altar of an unknown god.
  1716 | D:3      | Reached XP level 6. HP: 29/50 MP: 7/13
  1744 | D:3      | Reached skill level 5 in Fighting
  1744 | D:3      | Reached skill level 5 in Polearms
  1744 | D:3      | Reached skill level 5 in Dodging
  2210 | D:4      | Reached XP level 7. HP: 42/56 MP: 7/15
  2225 | D:4      | Noticed a hungry ghost
  2520 | D:4      | Killed a hungry ghost
  2520 | D:4      | Reached XP level 8. HP: 58/63 MP: 2/16
  2831 | D:4      | Noticed Blork the orc
  2851 | D:4      | Killed Blork the orc
  3287 | D:2      | Killed Sigmund
  3348 | D:5      | Entered Level 5 of the Dungeon
  3412 | D:5      | Found a shattered altar of Ashenzari.
  3476 | D:5      | Found a staircase to the Ecumenical Temple.
  3552 | Temple   | Entered the Ecumenical Temple
  3639 | Temple   | Became a worshipper of Warmaster Okawaru
  3718 | D:5      | Noticed a hippogriff
  4374 | D:5      | Killed a hippogriff
  4374 | D:5      | Reached * piety under Okawaru
  4374 | D:5      | Reached XP level 9. HP: 60/69 MP: 4/18
  4414 | D:6      | Found Eguusu's Assorted Antiques.
  4464 | D:6      | Bought a scroll labeled QAHEGU JABI for 26 gold pieces
  4464 | D:6      | Bought a scroll labeled CORUGEJEDE for 26 gold pieces
  4464 | D:6      | Bought a scroll labeled GOFFER MACK for 26 gold pieces
  4632 | D:6      | Found a shimmering altar of Xom.
  4761 | D:6      | Noticed Menkaure
  4799 | D:6      | Killed Menkaure
  4857 | D:6      | Reached ** piety under Okawaru
  4857 | D:6      | Reached skill level 5 in Armour
  5332 | D:7      | Found a basalt altar of Yredelemnul.
  5448 | D:7      | Reached skill level 5 in Invocations
  6065 | D:7      | Got a twisted robe
  6164 | D:7      | Identified the cursed +0 robe "Hity" {-Tele MR++ Stlth+}
                  | (You found it on level 7 of the Dungeon)
  6352 | D:7      | Reached *** piety under Okawaru
  6352 | D:7      | Reached XP level 10. HP: 70/77 MP: 11/20
  6560 | D:8      | Noticed Prince Ribbit
  6561 | D:8      | Found an opulent altar of Gozag.
  6572 | D:8      | Killed Prince Ribbit
  6595 | D:8      | Noticed Grum
  6626 | D:8      | Reached skill level 5 in Short Blades
  6626 | D:8      | Reached skill level 5 in Long Blades
  6626 | D:8      | Reached skill level 5 in Axes
  6626 | D:8      | Reached skill level 5 in Maces & Flails
  6626 | D:8      | Reached skill level 5 in Staves
  6626 | D:8      | Reached skill level 5 in Slings
  6626 | D:8      | Reached skill level 5 in Bows
  6626 | D:8      | Reached skill level 5 in Crossbows
  6626 | D:8      | Reached skill level 5 in Throwing
  6626 | D:8      | Reached skill level 5 in Stealth
  6626 | D:8      | Reached skill level 5 in Shields
  6626 | D:8      | Reached skill level 5 in Unarmed Combat
  6626 | D:8      | Reached skill level 5 in Evocations
  6717 | D:8      | Reached **** piety under Okawaru
  6827 | D:8      | Found a staircase to the Lair.
  6898 | D:8      | Slain by Grum

Skill      XL: |  1  2  3  4  5  6  7  8  9 10 |
---------------+-------------------------------+-----
Spellcasting   | 5 6 7 |  7.4
Invocations    | 1 2 3 4 5 |  5.8
Short Blades   | 1 2 3 4 5 |  5.3
Long Blades    | 1 2 3 4 5 |  5.3
Axes           | 1 2 3 4 5 |  5.3
Maces & Flails | 1 2 3 4 5 |  5.3
Staves         | 1 2 3 4 5 |  5.3
Slings         | 1 2 3 4 5 |  5.3
Bows           | 1 2 3 4 5 |  5.3
Crossbows      | 1 2 3 4 5 |  5.3
Throwing       | 1 2 3 4 5 |  5.3
Stealth        | 1 2 3 4 5 |  5.3
Shields        | 1 2 3 4 5 |  5.3
Unarmed Combat | 1 2 3 4 5 |  5.3
Evocations     | 1 2 3 4 5 |  5.3
Conjurations   | 1 2 3 4 |  4.3
Hexes          | 1 2 3 4 |  4.3
Summonings     | 1 2 3 4 |  4.3
Necromancy     | 1 2 3 4 |  4.3
Translocations | 1 2 3 4 |  4.3
Transmutations | 1 2 3 4 |  4.3
Fire Magic     | 1 2 3 4 |  4.3
Ice Magic      | 1 2 3 4 |  4.3
Air Magic      | 1 2 3 4 |  4.3
Earth Magic    | 1 2 3 4 |  4.3
Poison Magic   | 1 2 3 4 |  4.3
Armour         | 3 4 5 6 |  6.0
Fighting       | 5 6 7 |  7.1
Polearms       | 5 6 7 |  7.1
Dodging        | 5 6 7 |  7.1
Charms         | 6 7 |  7.1

Action                   |  1- 3 |  4- 6 |  7- 9 | 10-12 || total
-------------------------+-------+-------+-------+-------++-------
Melee: Spear             |   130 |   208 |   315 |       ||   653
       Bite              |    11 |    14 |    52 |     9 ||    86
       Punch             |       |       |    11 |     3 ||    14
       Trident           |       |       |   172 |    83 ||   255
Throw: Stone             |       |       |       |     1 ||     1
 Cast: Shroud of Golubri |     3 |     9 |    36 |     8 ||    56
       Song of Slaying   |     2 |     2 |     5 |     3 ||    12
       Spectral Weapon   |     1 |     4 |    25 |     6 ||    36
       Infusion          |       |     4 |     7 |       ||    11
       Regeneration      |       |     1 |     9 |     3 ||    13
Evoke: Wand              |       |       |       |     1 ||     1
  Use: Scroll            |       |       |     8 |     1 ||     9
 Stab: Sleeping          |     1 |     2 |     6 |     2 ||    11
       Distracted        |       |     2 |     3 |     2 ||     7
  Eat: Chunk             |       |     5 |    16 |     4 ||    25
Armor: Leather armour    |    18 |     3 |       |       ||    21
       Ring mail         |       |    36 |    97 |    31 ||   164
Dodge: Dodged            |    84 |   107 |   288 |   127 ||   606
